 Dungeon Crawl Stone Soup version 0.29.0-13-gc9e81de378 (webtiles) character file.

Game seed: 15681771159956964544

66539 LustLizard the Brawler (level 14, 0/146 HPs)
             Began as a Troll Fighter on Sept 8, 2022.
             Was the Champion of Wu Jian.
             Slain by an orc knight
             ... wielding a +1 antimagic great mace
              (14 damage)
             ... on level 1 of the Orcish Mines.
             The game lasted 00:42:51 (17108 turns).

LustLizard the Brawler (Troll Fighter)             Turns: 17108, Time: 00:42:52

Health: 0/146      AC: 13    Str: 30    XL:     14   Next: 79%
Magic:  1/13       EV: 26    Int: 18    God:    Wu Jian [******]
Gold:   1541       SH: 11    Dex: 11    Spells: 13/13 levels left

rFire   x . .      SeeInvis +     - Unarmed
rCold   + . .      Faith    .   c - +0 kite shield "Rafacs" {rC- Int+8 Stlth+}
rNeg    . . .      Spirit   .   b - quicksilver dragon scales
rPois   .          Reflect  .   Y - +2 hat of Honesty {rF- rC+ Int+2 SInv}
rElec   .          Harm     .   L - scarf {repulsion}
rCorr   .          Rampage  .   (gloves unavailable)
Will    ++...                   (boots unavailable)
Stlth   +.........              (no amulet)
HPRegen 1.14/turn               X - ring of Mejolit {EV+4 Str+3 Dex+2}
MPRegen 0.13/turn               B - ring of protection from cold

@: in a heavenly storm, glowing, studying Earth Magic, repel missiles
A: large, unfitting armour, claws 3, regeneration 1, shaggy fur 1, tough skin 1
a: Renounce Religion, Wall Jump, Serpent's Lash, Heavenly Storm


You were on level 1 of the Orcish Mines.
You worshipped Wu Jian.
Wu Jian was exalted by your worship.
You visited 4 branches of the dungeon, and saw 19 of its levels.
You also visited: Bailey and Gauntlet.

You collected 1541 gold pieces.

Inventory:

Hand Weapons
 z - a +4 scimitar of flaming
Missiles
 f - 24 poisoned darts (quivered)
 j - 106 stones
 y - a throwing net
 Z - 4 silver javelins
Armour
 b - quicksilver dragon scales (worn)
 c - the +0 kite shield "Rafacs" (worn) {rC- Int+8 Stlth+}
   (You acquired it on level 8 of the Dungeon)

   Int:       It affects your intelligence (+8).
   rC:        It makes you vulnerable to cold.
   Stlth:     It makes you more stealthy.
 e - +3 ice dragon scales
 L - a scarf of repulsion (worn)
 Y - the +2 hat of Honesty (worn) {rF- rC+ Int+2 SInv}
   (You found it in a Gauntlet)

   Int:       It affects your intelligence (+2).
   rF:        It makes you vulnerable to fire.
   rC:        It protects you from cold.
   SInv:      It lets you see invisible.
Jewellery
 l - a ring of poison resistance
 q - a ring of flight
 A - a ring of magical power
 B - a ring of protection from cold (right claw)
 D - a ring of protection from fire
 K - a ring of resist corrosion
 U - a ring of positive energy
 X - the ring of Mejolit (left claw) {EV+4 Str+3 Dex+2}
   (You found it in a Gauntlet)

   [ring of evasion]

   EV:        It affects your evasion (+4).
   Str:       It affects your strength (+3).
   Dex:       It affects your dexterity (+2).
Wands
 a - a wand of flame (23)
 w - a wand of roots (9)
 N - a wand of charming (17)
 T - a wand of polymorph (6)
Scrolls
 k - 4 scrolls of brand weapon {unknown}
 n - a scroll of torment {unknown}
 o - 3 scrolls of magic mapping
 p - 3 scrolls of blinking
 u - 10 scrolls of teleportation
 v - a scroll of enchant armour
 x - 4 scrolls of fear
 C - a scroll of summoning {unknown}
 E - a scroll of identify
 F - 2 scrolls of amnesia {unknown}
 G - 2 scrolls of enchant weapon {unknown}
 J - 2 scrolls of silence {unknown}
 P - 2 scrolls of fog {unknown}
 Q - 2 scrolls of poison
 R - 2 scrolls of vulnerability {unknown}
Potions
 d - 11 potions of curing
 g - 4 potions of magic
 h - 3 potions of might
 i - a potion of berserk rage
 m - a potion of resistance {unknown}
 r - 2 potions of cancellation {unknown}
 s - 2 potions of mutation
 t - 7 potions of haste
 H - a potion of experience {unknown}
 I - a potion of invisibility
 O - 4 potions of brilliance
 S - 3 potions of heal wounds {unknown}
 V - 6 potions of ambrosia
Miscellaneous
 W - a condenser vane


   Skills:
 + Level 11.1 Fighting
 - Level 9.9 Dodging
 - Level 13.3 Shields
 * Level 17.7 Unarmed Combat


You had 13 spell levels left.
You didn't know any spells.
Your spell library contained the following spells:

 Spells                   Type           Power      Damage    Failure   Level
 Apportation              Tloc           0%         N/A       47%         1
 Foxfire                  Conj/Fire      0%         2x1d4     47%         1
 Necrotise                Necr           0%         1d4       47%         1
 Sandblast                Erth           0%         2d4       47%         1
 Shock                    Conj/Air       0%         1d3       47%         1
 Summon Small Mammal      Summ           0%         N/A       47%         1
 Blink                    Tloc           0%         N/A       63%         2
 Passwall                 Tmut/Erth      0%         N/A       63%         2
 Scorch                   Fire           0%         2d5       63%         2
 Conjure Flame            Conj/Fire      0%         6-21      85%         3
 Inner Flame              Hex/Fire       0%         N/A       85%         3
 Stone Arrow              Conj/Erth      0%         3d7       85%         3
 Tukima's Dance           Hex            0%         N/A       85%         3
 Animate Dead             Necr           0%         N/A       99%         4
 Flame Wave               Conj/Fire      0%         2d4       99%         4
 Passage of Golubria      Tloc           0%         N/A       99%         4
 Borgnjor's Vile Clutch   Necr/Erth      0%         N/A       100%        5
 Manifold Assault         Tloc           0%         N/A       100%        5
 Silence                  Hex/Air        0%         N/A       100%        5
 Yara's Violent Unravell  Hex/Tmut       0%         3d3       100%        5
 Death Channel            Necr           0%         N/A       100%        6
 Iron Shot                Conj/Erth      0%         9d1       100%        6
 Summon Cactus Giant      Summ           0%         N/A       100%        6
 Storm Form               Tmut/Air       0%         N/A       100%        7
 Lehudib's Crystal Spear  Conj/Erth      0%         10d2      100%        8
 Chain Lightning          Conj/Air       0%         N/A       100%        9


Dungeon Overview and Level Annotations

Branches:
Dungeon (11/15)            Temple (1/1) D:6            Lair (5/5) D:10
 Shoals (0/4) Lair:2        Snake (0/4) Lair:3        Slime (0/5) Lair:4
    Orc (2/2) D:10            Elf (0/3) Orc:2        Bailey (visited)
Gauntlet (visited)

Altars:
Ashenzari
Cheibriados
Dithmenos
Elyvilon
Fedhas
Gozag
Hepliaklqana
Kikubaaqudgha
Nemelex Xobeh
Okawaru
Qazlal
Ru
Sif Muna
Trog
Uskayaw
Vehumet
Wu Jian
Xom
Yredelemnul
Zin
The Shining One

Shops:
D:3 [   Orc:1 *

Annotations:
Lair:2 1 runed translucent door, Jase's ghost, journeyman MfIE


Innate Abilities, Weirdness & Mutations

You are too large for most types of armour.
You have claws for hands.
Your natural rate of healing is unusually fast.
You are covered in fur. (AC +1)
You have tough skin. (AC +1)


Message History

The orc is moderately wounded.
You eviscerate the orc!!!
You kill the orc!
The Council accepts your kill.
You spin and attack the orc repeatedly.
You mangle the orc!!
You kill the orc!
The Council accepts your kill.
You spin and attack the orc.
You claw the orc!
You kill the orc!
The Council accepts your kill. You block the orc priest's attack.
The orc priest looks encouraged for a moment.
The orc warrior moves out of view.
Things that are here:
a +0 dagger; a +0 robe An orc priest comes into view.
It is wielding a +0 flail.
You spin and attack the orc warrior.
You barely miss the orc warrior.
The orc warrior is heavily wounded.
You spin and attack the orc knight.
You mangle the orc knight!!
The orc knight is heavily wounded.
The orc priest calls upon Beogh to heal the orc warrior.
The orc warrior is healed somewhat.
You block the orc knight's attack.
The orc priest casts a cantrip, but nothing happens.
The orc completely misses you. The orc warrior completely misses you.
An ogre and an orc come into view.
You spin and attack the orc priest.
You claw the orc priest!
You kill the orc priest!
The Council accepts your kill. The orc priest completely misses you.
Unknown command.
You scratch the orc priest.
The orc priest is moderately wounded.
You block the orc knight's attack.
The orc warrior hits you with a +0 dire flail!!
* * * LOW HITPOINT WARNING * * *
The orc barely misses you. The orc priest completely misses you.
You block the orc priest's attack.
You feel better.
The orc knight hits you with a +1 antimagic great mace!
You die...

##..... #.....
##..... # #.....
.## ###.....
.... #...☼☼O#
###o.##
#...§oo##§.....#
#..§§@oo§☼....#
##.§ooo☼§§oo.#
##§§§§o☼§..#
###☼§§☼#.##
###§☼# ..# .##
##


You could see an orc knight, 2 orc warriors, an ogre, 3 orc priests and 2 orcs.

Vanquished Creatures
  A minotaur (Gauntlet)
  Josephine (Lair:5)
  A catoblepas (Lair:5)
  7 hydras
  2 vault guards (Bailey)
  2 boulder beetles
  4 two-headed ogres
  2 lindwurms (Lair:4)
  An orc knight (Orc:2)
  2 ugly things (D:11)
  2 orc sorcerers
  A manticore (Lair:4)
  6 elephants
  Joseph (Lair:1)
  4 black mambas
  2 torpor snails
  An efreet (D:10)
  A hellion (Gauntlet)
  3 rime drakes
  12 komodo dragons
  15 cane toads
  3 meliai (Lair:4)
  7 trolls
  8 hornets
  A queen bee (Lair:4)
  A merfolk (Lair:2)
  5 polar bears
  15 dream sheep
  A slime creature (Lair:4)
  17 blink frogs
  Prince Ribbit (Bailey)
  2 centaur simulacra (Gauntlet)
  2 shadows
  15 spriggans (Lair:5)
  7 wraiths
  Eustachio (D:4)
  9 wyverns
  37 yaks
  2 vampire mosquitoes (D:10)
  4 fire bats (Lair:5)
  4 humans (Bailey)
  5 basilisks
  2 steam dragons (Lair:4)
  Menkaure (D:5)
  7 wargs
  A harpy simulacrum (Gauntlet)
  4 nagas (Lair:3)
  8 water moccasins
  A hydra simulacrum (Gauntlet)
  A swamp drake (D:10)
  A sky beast (D:6)
  11 orc warriors
  4 ice beasts
  5 black bears (Lair:5)
  32 wolves
  8 ogres
  A centaur (D:8)
  3 boggarts (Lair:5)
  A phantom (D:6)
  3 kobold brigands (D:8)
  20 bullfrogs
  4 scorpions
  2 necrophages
  12 wights
  32 killer bees
  An electric eel (Lair:4)
  2 howler monkeys
  A lava snake (Lair:5)
  3 jellies (Lair:4)
  A gnoll bouda (D:4)
  4 hounds
  21 orc priests
  An iguana (D:6)
  19 orc wizards
  6 hell rats
  4 gnolls (D:4)
  5 adders
  5 river rats
  2 shadow imps
  A white imp (D:5)
  An ufetubus (D:4)
  A worm (D:2)
  A dart slug (D:2)
  60 orcs
  6 ball pythons
  7 bats
  5 endoplasms
  5 giant cockroaches
  17 goblins
  6 hobgoblins
  10 quokkas
  7 frilled lizards
  3 kobolds
  10 rats
597 creatures vanquished.

Vanquished Creatures (others)
  An orc (Orc:1)
  36 fungi
  49 plants
86 creatures vanquished.

Grand Total: 683 creatures vanquished

Notes
Turn   | Place    | Note
-------+----------+-------------------------------------------
     0 | D:1      | LustLizard the Troll Fighter began the quest for the Orb.
     0 | D:1      | Reached XP level 1. HP: 22/22 MP: 0/0
   107 | D:1      | Found a faded altar of an unknown god.
   107 | D:1      | Noticed a quasit
   227 | D:1      | Reached XP level 2. HP: 29/29 MP: 1/1
   821 | D:2      | Identified the +0 scale mail "Veedull" {Will- rCorr Dex+5}
   889 | D:2      | Reached XP level 3. HP: 36/36 MP: 2/2
  1059 | D:2      | Reached skill level 3 in Unarmed Combat
  1623 | D:3      | Noticed an ogre
  1729 | D:3      | Reached XP level 4. HP: 43/45 MP: 3/3
  1926 | D:4      | Reached skill level 4 in Unarmed Combat
  1926 | D:4      | Reached XP level 5. HP: 53/53 MP: 4/4
  1926 | D:4      | Identified 3 scrolls of acquirement
  1926 | D:4      | Acquired a manual of Shields
  2315 | D:4      | Reached XP level 6. HP: 56/61 MP: 5/5
  2469 | D:4      | Noticed Eustachio
  2502 | D:4      | Killed Eustachio
  2503 | D:4      | Reached skill level 5 in Unarmed Combat
  2560 | D:5      | Entered Level 5 of the Dungeon
  2638 | D:5      | Reached skill level 5 in Shields
  2638 | D:5      | Reached XP level 7. HP: 65/68 MP: 6/6
  2659 | D:5      | Noticed Menkaure
  2892 | D:3      | Found Jyath's Armour Boutique.
  3102 | D:3      | Reached skill level 6 in Unarmed Combat
  3216 | D:5      | Found a broken altar of Ashenzari.
  3456 | D:5      | Killed Menkaure
  3461 | D:5      | Got the Directory of Geology and Confrontation
  3491 | D:5      | Found a sacrificial altar of Ru.
  3491 | D:5      | Found a white marble altar of Elyvilon.
  3525 | D:5      | Found a hazy altar of Hepliaklqana.
  3585 | D:5      | Reached XP level 8. HP: 79/79 MP: 7/7
  3717 | D:5      | Reached skill level 7 in Unarmed Combat
  4196 | D:6      | Reached skill level 5 in Fighting
  4383 | D:6      | Reached skill level 8 in Unarmed Combat
  4479 | D:6      | Found a staircase to the Ecumenical Temple.
  4493 | Temple   | Entered the Ecumenical Temple
  4596 | Temple   | Became a worshipper of the Wu Jian Council
  5055 | D:7      | Identified the +5 falchion of the Philosopher {speed,
                  | Dex+3}
  5211 | D:7      | Noticed a hornet
  5222 | D:7      | Paralysed by a hornet for 2 turns
  5225 | D:7      | Killed a hornet
  5226 | D:7      | Reached XP level 9. HP: 38/88 MP: 8/8
  5722 | D:8      | Reached skill level 9 in Unarmed Combat
  5964 | D:8      | Acquired a manual of Earth Magic
  5966 | D:8      | Acquired the +0 kite shield "Rafacs" {rC- Int+8 Stlth+}
  6153 | D:8      | Reached * piety under Wu Jian
  6161 | D:8      | Noticed a two-headed ogre
  6180 | D:8      | Killed a two-headed ogre
  6181 | D:8      | Reached skill level 10 in Unarmed Combat
  6181 | D:8      | Reached XP level 10. HP: 29/100 MP: 9/9
  6448 | D:8      | Noticed a two-headed hydra
  6693 | D:9      | Found a flagged portal.
  6700 | Bailey   | Entered a bailey
  6757 | Bailey   | Reached ** piety under Wu Jian
  6773 | Bailey   | Noticed a vault guard
  6782 | Bailey   | Killed a vault guard
  6783 | Bailey   | Reached skill level 10 in Shields
  6802 | Bailey   | Noticed a vault guard
  6802 | Bailey   | Noticed Prince Ribbit
  6812 | Bailey   | Killed a vault guard
  6813 | Bailey   | Reached skill level 11 in Unarmed Combat
  6813 | Bailey   | Killed Prince Ribbit
  6924 | Bailey   | Reached skill level 5 in Dodging
  7070 | D:9      | Reached XP level 11. HP: 93/109 MP: 10/10
  7072 | D:9      | Noticed a boulder beetle
  7179 | D:9      | Paralysed by a hornet for 3 turns
  7326 | D:9      | Killed a boulder beetle
  7368 | D:9      | Reached skill level 12 in Unarmed Combat
  7424 | D:9      | Found a shimmering blue altar of Sif Muna.
  7634 | D:9      | Found an opulent altar of Gozag.
  7634 | D:9      | Found a glowing silver altar of Zin.
  7776 | D:10     | Entered Level 10 of the Dungeon
  7807 | D:10     | Found a sparkling altar of Nemelex Xobeh.
  7977 | D:10     | Found a staircase to the Lair.
  8041 | D:10     | Found a radiant altar of Vehumet.
  8147 | D:10     | Noticed a two-headed ogre
  8166 | D:10     | Killed a two-headed ogre
  8337 | D:10     | Noticed a two-headed ogre
  8343 | D:10     | Killed a two-headed ogre
  8705 | D:10     | Reached *** piety under Wu Jian
  8742 | D:10     | Found a staircase to the Orcish Mines.
  8963 | D:11     | Noticed a red ugly thing
  8971 | D:11     | Killed a red ugly thing
  9012 | D:11     | Noticed a cyan ugly thing
  9034 | D:11     | Killed a cyan ugly thing
  9367 | D:11     | Reached skill level 13 in Unarmed Combat
  9560 | Lair:1   | Entered Level 1 of the Lair of Beasts
  9637 | Lair:1   | Noticed Joseph
  9650 | Lair:1   | Killed Joseph
  9828 | Lair:1   | Reached XP level 12. HP: 34/120 MP: 11/11
 10439 | Lair:1   | You are sucked into a shaft and drop 1 floor!
 10471 | Lair:2   | Noticed a boulder beetle
 10482 | Lair:2   | Killed a boulder beetle
 10914 | Lair:2   | Reached **** piety under Wu Jian
 10948 | Lair:2   | Found a staircase to the Shoals.
 11015 | Lair:2   | Found a runed translucent door.
 11018 | Lair:2   | Noticed Jase's ghost (journeyman MfIE)
 11026 | Lair:2   | Noticed an eight-headed hydra
 11285 | Lair:2   | Noticed an eight-headed hydra
 11286 | Lair:2   | Reached skill level 14 in Unarmed Combat
 11527 | Lair:3   | Identified the +10 mace of Dissatisfaction {freeze, rN+
                  | Str+4 Int+4 Dex+2}
 11638 | Lair:3   | Noticed an eight-headed hydra
 11991 | Lair:3   | Found a staircase to the Snake Pit.
 12217 | Lair:3   | Reached XP level 13. HP: 124/131 MP: 12/12
 12559 | Lair:4   | Reached ***** piety under Wu Jian
 12686 | Lair:4   | Found a gate leading to a gauntlet.
 12737 | Gauntlet | Entered a Gauntlet
 12737 | Gauntlet | Found a transporter.
 12737 | Gauntlet | Found a transporter.
 12737 | Gauntlet | Found a transporter.
 12799 | Gauntlet | Found a transporter.
 12801 | Gauntlet | Found a transporter.
 12824 | Gauntlet | Found a transporter.
 12835 | Gauntlet | Found a transporter.
 12841 | Gauntlet | Found a transporter.
 12887 | Gauntlet | Found a transporter.
 12888 | Gauntlet | Found a transporter.
 12931 | Gauntlet | Found a transporter.
 12952 | Gauntlet | Found a transporter.
 13038 | Gauntlet | Reached skill level 15 in Unarmed Combat
 13102 | Gauntlet | Identified the ring of Mejolit {EV+4 Str+3 Dex+2}
 13158 | Gauntlet | Identified the +2 hat of Honesty {rF- rC+ Int+2 SInv}
 13359 | Gauntlet | Noticed a minotaur
 13378 | Gauntlet | Killed a minotaur
 13512 | Gauntlet | Got Sif Muna's Directory of Arenous Moulding
 13643 | Lair:4   | Identified the +0 leather armour of Teraskig {rElec rC++
                  | rN+}
 14256 | Lair:4   | Reached skill level 10 in Fighting
 14294 | Lair:4   | Reached skill level 16 in Unarmed Combat
 14382 | Lair:4   | Found a staircase to the Slime Pits.
 14748 | Lair:4   | Reached ****** piety under Wu Jian
 14905 | Lair:5   | Entered Level 5 of the Lair of Beasts
 15010 | Lair:5   | Reached XP level 14. HP: 134/143 MP: 13/13
 15687 | Lair:5   | Noticed Josephine
 15694 | Lair:5   | Killed Josephine
 15711 | Lair:5   | Reached skill level 17 in Unarmed Combat
 16412 | Orc:1    | Entered Level 1 of the Orcish Mines
 16412 | Orc:1    | Found a bloodstained altar of Trog.
 16721 | Orc:1    | Found Cyrim's Mass Market.
 16946 | Orc:2    | Entered Level 2 of the Orcish Mines
 17107 | Orc:1    | HP: 5/146 [orc warrior/+0 dire flail (18)]
 17108 | Orc:1    | Slain by an orc knight

Illustrated notes

Levels and vault maps discovered:
D:1:      dpeg_arrival_short_road, layout_loops_ring,
          dreamdust_ecumenical_altar_sealed_demon, minmay_worlds_worst_comb
D:2:      layout_basic
D:3:      layout_loops_ring, serial_shops, nicolae_shop_waterfront
D:4:      layout_loops_cross, uniq_eustachio
D:5:      layout_loops_ring, lemuel_crystal_altar,
          amethyst_overflow_temple_binary, mainiacjoe_overflow_six_doors_small,
          uniq_menkaure
D:6:      layout_gridville, minmay_temple_entry_glass, hangedman_decor_points,
          minmay_a_box_with_orc_wizards_in_it
D:7:      layout_gridville
D:8:      lemuel_ratsnest, layout_basic, chequers_serial_rivers_large_a,
          hangedman_ranch
D:9:      layout_loops_ring, grunt_temple_overflow_gold_and_silver, tgw_sif,
          enter_bailey_3, minivault_21
D:10:     layout_stronghold, nemelex_spade_bored_becter, vehumet_crystals,
          lair_entry_dummy, erik_orc_1
D:11:     layout_big_octagon
Temple:   oiseaux_autumnal_temple
Lair:1:   layout_layer_cave, infiniplex_staircase_pool_2, uniq_joseph
Lair:2:   layout_chaotic_city, elwin_shoals_entry_rooms,
          ebering_ghost_reflecting_pool, chequers_serial_rivers_small_3,
          nicolae_quartered_pool_impasse
Lair:3:   layout_chaotic_city, minmay_snake_entry_guardpost_small, pond
Lair:4:   regret_index_tunnel_blossom, layout_gridlike,
          minmay_slime_entry_pillars, gauntlet_entry_generic
Lair:5:   minmay_lair_end_enchanted_forest, layout_gridlike, uniq_josephine
Orc:1:    layout_diamond_mine, basic_altar, minmay_shop_mass
Orc:2:    pf_orc_diabolical, layout_diamond_mine

Skill      XL: |  1  2  3  4  5  6  7  8  9 10 11 12 13 14 |
---------------+-------------------------------------------+-----
Shields        | 3 4 5 6 8 9 10 12 13 | 13.3
Unarmed Combat | 3 4 5 6 8 10 11 13 14 16 17 | 17.7
Fighting       | 3 4 5 6 7 8 9 10 11 | 11.1
Dodging        | 3 5 6 7 8 9 |  9.9

Action                   |  1- 3 |  4- 6 |  7- 9 | 10-12 | 13-15 || total
-------------------------+-------+-------+-------+-------+-------++-------
Melee: Unarmed           |   137 |   106 |   265 |   651 |   757 ||  1916
Throw: Dart              |       |       |     2 |    19 |       ||    21
       Stone             |       |       |       |     4 |       ||     4
Invok: Lunge             |       |       |    11 |    39 |    45 ||    95
       Whirlwind         |       |       |       |    30 |    71 ||   101
       Heavenly Storm    |       |       |       |       |     1 ||     1
  Use: Scroll            |       |     2 |     4 |    16 |     6 ||    28
       Potion            |       |       |     1 |     4 |     6 ||    11
 Stab: Invisible         |       |       |       |       |     3 ||     3
       Petrified         |       |       |       |       |     2 ||     2
Armor: Ice dragon scales |    75 |    56 |    99 |   215 |   140 ||   585
       Skin              |       |       |       |       |   249 ||   249
       Quicksilver drago |       |       |       |       |    24 ||    24
Dodge: Dodged            |    48 |    26 |    55 |   158 |   288 ||   575
Block: Kite shield       |    54 |    45 |    91 |   259 |   474 ||   923
